 Dungeon Crawl Stone Soup version 0.27.1-33-g824d729ab1 (webtiles) character file.

Game seed: 7561826951866803080

199 belegose the Skirmisher (level 6, -1/47 HPs)
             Began as a Djinni Fighter on Dec 9, 2021.
             Slain by a black bear (3 damage)
             ... on level 3 of the Dungeon.
             The game lasted 00:07:11 (3178 turns).

belegose the Skirmisher (Djinni Fighter)            Turns: 3178, Time: 00:07:12

Health: -1/47      AC:  8    Str: 21    XL:     6   Next: 6%
Gold:   126        EV:  7    Int: 11    God:
                   SH:  9    Dex: 13

rFire    + + .     SeeInvis .   a - +0 long sword
rCold    x . .     Faith    .   c - +0 kite shield
rNeg     + . .     Spirit   .   b - +0 scale mail
rPois    ∞         Reflect  .   (no helmet)
rElec    .         Harm     .   l - +0 cloak
rCorr    .         Rampage  .   (no gloves)
Will     .....                  (boots unavailable)
Stlth    ..........             (no amulet)
HPRegen  0.15/turn              f - +6 ring of strength
MPRegen  0.00/turn              p - ring of positive energy

@: flying
A: sickness immunity, fire resistance 2, cold vulnerability 1, float, innate
caster, hp casting, extra vitality 1
a: no special abilities


You were on level 3 of the Dungeon.
You visited 1 branch of the dungeon, and saw 3 of its levels.

You collected 126 gold pieces.

Inventory:

Hand Weapons
 a - a +0 long sword (weapon)
Missiles
 j - 53 stones (quivered)
Armour
 b - a +0 scale mail (worn)
 c - a +0 kite shield (worn)
 l - a +0 cloak (worn)
Jewellery
 f - a +6 ring of strength (left hand)
 p - a ring of positive energy (right hand)
Scrolls
 e - 2 scrolls of noise {unknown}
 h - a scroll of enchant armour {unknown}
 i - a scroll of amnesia {unknown}
 k - a scroll of fear {unknown}
 n - a scroll of magic mapping {unknown}
 o - a scroll of brand weapon {unknown}
 q - a scroll of identify {unknown}
Potions
 d - a potion of might
 g - a potion of cancellation {unknown}
 m - a potion of mutation {unknown}
 r - 2 potions of lignification {unknown}
 s - a potion of ambrosia {unknown}


   Skills:
 + Level 4.0 Fighting
 + Level 3.0 Long Blades
 + Level 4.0 Armour
 + Level 4.0 Shields


You had 2 spell levels left.
You knew the following spells:

 Your Spells              Type           Power      Damage    Failure   Level
a - Sting                 Tmut/Pois      0%         1d3       98%         1
b - Slow                  Hex            0%         N/A       99%         2
Your spell library was empty.

Dungeon Overview and Level Annotations

Branches:
Dungeon (3/15)

Altars:

Shops:
D:2 =

Annotations:
D:2 Sigmund
D:3 Grinder


Innate Abilities, Weirdness & Mutations

You are immune to sickness and miasma.
You are immune to poison.
Your flesh is very heat resistant. (rF++)
You are vulnerable to cold. (rC-)
You float through the air rather than walking.
You learn spells naturally, not from books.
Your magical power is your life essence.
You have superior vitality. (+4 HP)


Message History

The black bear is moderately wounded.
The black bear bites you. You block the black bear's attack.
The black bear barely misses you.
You barely miss the black bear.
The black bear is moderately wounded.
The black bear barely misses you. x2; You block the black bear's attack.
The black bear barely misses you. You block the black bear's attack.
The black bear barely misses you.
You hit the black bear.
The black bear is heavily wounded.
You block the black bear's attack. The black bear claws you. x2
You aren't carrying any items that you can evoke.
Unknown command.
You slash the black bear!
The black bear is severely wounded.
The black bear goes berserk!
You block the black bear's attack. The black bear completely misses you.
The black bear claws you.
You hit the black bear but do no damage.
The black bear is severely wounded.
The black bear bites you! The black bear claws you. x2
The black bear bites you!
* * * LOW HITPOINT WARNING * * *
The black bear claws you.
* * * LOW HITPOINT WARNING * * *
The black bear claws you but does no damage.
You closely miss the black bear.
The black bear is severely wounded.
The black bear bites you.
* * * LOW HITPOINT WARNING * * *
The black bear claws you but does no damage.
The black bear claws you.
* * * LOW HITPOINT WARNING * * *
You block the black bear's attack. The black bear completely misses you.
The black bear closely misses you.
You completely miss the black bear.
The black bear is severely wounded.
The black bear closely misses you.
You riposte.
You barely miss the black bear.
The black bear is severely wounded.
The black bear barely misses you. The black bear claws you.
You die...

### #..
############.#
#....)........
#.##########..
####.# #..
#####....# #..
#.wh@....# #..
#.###.##.# #..
#.. ....#.# #..
#..##.#.#.# ...
#.. .. .... .>..
#w..## ##.# ..#
.#.. #.....#
............ #..
#.#. .#........#
##...#.#........#


You could see a black bear (berserk) and a dart slug.

Vanquished Creatures
  An orc wizard (D:2)
  7 gnolls
  3 adders
  A worm (D:2)
  7 orcs
  7 ball pythons
  10 endoplasms
  3 giant cockroaches (D:1)
  4 goblins
  6 hobgoblins
  7 jackals
  3 quokkas
  4 bats
  3 frilled lizards
  3 kobolds
69 creatures vanquished.

Vanquished Creatures (others)
  18 plants (D:2)
18 creatures vanquished.

Grand Total: 87 creatures vanquished

Notes
Turn   | Place    | Note
-------+----------+-------------------------------------------
     0 | D:1      | belegose the Djinni Fighter began the quest for the Orb.
     0 | D:1      | Reached XP level 1. HP: 20/20 MP: 0/0
   173 | D:1      | Reached XP level 2. HP: 24/25 MP: 0/0
   431 | D:1      | Reached XP level 3. HP: 30/30 MP: 0/0
   431 | D:1      | Learned a level 1 spell: Sting
  1250 | D:2      | Reached XP level 4. HP: 29/35 MP: 0/0
  1300 | D:2      | Found Arphekh's Jewellery Emporium.
  2003 | D:2      | Noticed Sigmund
  2107 | D:3      | Reached XP level 5. HP: 41/41 MP: 0/0
  2107 | D:3      | Learned a level 2 spell: Slow
  2464 | D:3      | Noticed Grinder
  2815 | D:3      | Found a faded altar of an unknown god.
  2912 | D:3      | Reached XP level 6. HP: 46/47 MP: 0/0
  3168 | D:3      | Noticed a black bear
  3177 | D:3      | HP: 2/47 [black bear (1)]
  3178 | D:3      | Slain by a black bear

Illustrated notes

Levels and vault maps discovered:
D:1:      mrwooster_arrival_statue_2, layout_basic
D:2:      layout_loops_ring, serial_shops, shop, serial_bayou,
          serial_bayou_pond_c, serial_bayou_lagoon_a, serial_bayou_crossing,
          serial_bayou_pond_b, minmay_pentomino_pile, uniq_sigmund
D:3:      layout_loops_ring, chequers_ecumenical_altar_simple,
          kennysheep_generic_room_7, uniq_grinder

Skill      XL: |  1  2  3  4  5  6 |
---------------+-------------------+-----
Long Blades    | 2 3 |  3.0
Fighting       | 4 |  4.0
Shields        | 4 |  4.0
Armour         | 4 |  4.0

Action                   |  1- 3 |  4- 6 || total
-------------------------+-------+-------++-------
Melee: Long sword        |   109 |   127 ||   236
Throw: Stone             |       |     9 ||     9
Armor: Scale mail        |    48 |    66 ||   114
Dodge: Dodged            |    35 |    54 ||    89
Block: Kite shield       |    69 |    53 ||   122
       Rpst.: Long sword |     8 |    10 ||    18
